 Dungeon Crawl Stone Soup version 0.26.1-11-gd32895ea62 (webtiles) character file.

Game seed: 8568313887555321379

1 Shirokaze the Sneak (level 1, -14/18 HPs)
             Began as a Formicid Delver on Apr 15, 2021.
             Hit by a large rock thrown by a cyclops (17 damage)
             ... on level 14 of the Dungeon.
             The game lasted 00:07:01 (938 turns).

Shirokaze the Sneak (Formicid Delver)                Turns: 938, Time: 00:07:02

Health: -14/18     AC:  3    Str: 16    XL:     1   Next: 22%
Magic:  0/1        EV: 12    Int:  9    God:
Gold:   67         SH:  0    Dex: 12    Spells: 0/0 levels left

rFire    . . .     SeeInvis +     - Unarmed
rCold    . . .     Faith    .   (no shield)
rNeg     . . .     Spirit   +   a - +0 leather armour
rPois    .         Reflect  .   (helmet unavailable)
rElec    .         Harm     .   (no cloak)
rCorr    .         Rampage  .   (no gloves)
Will     .....                  (no boots)
Stlth    +++.......             h - amulet of guardian spirit
HPRegen  0.06/turn              (no ring)
MPRegen  0.07/turn              (no ring)

@: no status effects
A: permanent stasis, dig shafts and tunnels, four strong arms, antennae 3
a: Dig, Shaft Self


You were on level 14 of the Dungeon.
You visited 1 branch of the dungeon, and saw 9 of its levels.

You collected 93 gold pieces.
You spent 26 gold pieces at shops.

Inventory:

Armour
 a - a +0 leather armour (worn)
Jewellery
 h - an amulet of guardian spirit (around neck)
Wands
 e - a wand of digging (3)
Scrolls
 b - 2 scrolls of fog
 d - 3 scrolls of fear
Potions
 g - a potion of flight {unknown}


   Skills:
 - Level 3.2 Fighting
 - Level 1.7 Dodging
 * Level 6.1 Stealth
 - Level 2.0 Unarmed Combat


You couldn't memorise any spells.
You didn't know any spells.
Your spell library was empty.

Dungeon Overview and Level Annotations

Branches:
Dungeon (12/15)
 Temple: D:4-7         Lair: D:8-11         Orc: D:9-12

Altars:
Kikubaaqudgha

Shops:
D:10 ?:*   D:11 *

Annotations:
D:7 Maggie


Innate Abilities, Weirdness & Mutations

You cannot be hasted, slowed, berserked, paralysed or teleported.
You can dig through walls and to a lower floor.
Your four strong arms can wield two-handed weapons with a shield.
You have a pair of large antennae on your head. (SInv)


Message History

The quokka barely misses you.
Are you sure you want to shaft yourself?
The quokka closely misses you.
You begin to dig a shaft.
You continue digging a shaft.
The quokka bites you. The centaur warrior zombie hits you.
A shaft appears beneath you!
You fall into a shaft and drop 3 floors!
The shaft crumbles and collapses. 2 orcs, an orc warrior and a cyclops come into view.
The orc warrior is wielding a +1 battleaxe of venom.
The orc warrior shouts!
The cyclops shouts!
Found 28 stones.
Are you sure you want to shaft yourself?
The orc warrior throws a boomerang.
The boomerang hits you.
* * * LOW HITPOINT WARNING * * *
The weapon returns to the orc warrior!
You begin to dig a shaft.
You continue digging a shaft.
The cyclops throws a large rock.
The large rock hits you!
Ouch! That really hurt!
You die...

###############
...............
.....o.......(.
...............
...oo..@.......
....###+#......
# ...#+ C.# .#
#


You could see a cyclops, an orc warrior and 2 orcs.

Vanquished Creatures
  A quokka (D:7)
1 creature vanquished.

Notes
Turn   | Place    | Note
-------+----------+-------------------------------------------
     0 | D:5      | Shirokaze the Formicid Delver began the quest for the Orb.
     0 | D:5      | Reached XP level 1. HP: 18/18 MP: 1/1
   184 | D:7      | Noticed Maggie
   382 | D:8      | You fall into a shaft and drop 1 floor!
   416 | D:9      | Noticed a bullfrog
   421 | D:9      | You fall into a shaft and drop 2 floors!
   425 | D:11     | Noticed an ice beast
   463 | D:11     | Found Buicih's General Store.
   463 | D:11     | Noticed a yak
   463 | D:11     | Noticed a yak
   463 | D:11     | Noticed a yak
   463 | D:11     | Noticed a hornet
   477 | D:12     | Noticed a necrophage
   477 | D:12     | Noticed a hound
   477 | D:12     | Noticed a worker ant
   491 | D:10     | Entered Level 10 of the Dungeon
   528 | D:10     | Found Tatawib's Magic Scroll Shoppe.
   532 | D:10     | Bought a scroll of identify for 26 gold pieces
   561 | D:10     | Found Xuepn's Book Emporium.
   580 | D:10     | Found Biugh's Assorted Antiques.
   597 | D:11     | Noticed a centaur warrior zombie
   635 | D:10     | Noticed a hornet
   650 | D:10     | Noticed an iguana
   665 | D:9      | Noticed a hound
   670 | D:9      | Noticed a bullfrog
   671 | D:9      | Noticed a centaur
   672 | D:8      | Noticed a jelly
   672 | D:8      | Noticed a wyvern zombie
   687 | D:8      | You fall into a shaft and drop 2 floors!
   862 | D:10     | You fall into a shaft and drop 1 floor!
   862 | D:11     | Found an ancient bone altar of Kikubaaqudgha.
   865 | D:11     | You fall into a shaft and drop 1 floor!
   866 | D:12     | Noticed a cyclops
   870 | D:12     | Noticed a bullfrog
   936 | D:11     | You fall into a shaft and drop 3 floors!
   936 | D:14     | Noticed an orc warrior
   936 | D:14     | Noticed a cyclops
   938 | D:14     | Hit by a large rock thrown by a cyclops

Illustrated notes

Levels and vault maps discovered:
D:5:      layout_basic, temple_hall, item_on_display_a
D:6:      layout_loops_corners, uniq_menkaure
D:7:      layout_cave_pods, lemuel_doored_altar, uniq_crazy_yiuf_cottage,
          uniq_joseph, uniq_maggie
D:8:      layout_basic
D:9:      layout_basic, lair_entry_dummy, david_orc_4, basic_altar, uniq_pikel
D:10:     layout_loops_corners, serial_shops, nicolae_shop_trees,
          nicolae_shop_behind_doors, shop, shop_fountains, glass_columns_b
D:11:     layout_stronghold, serial_shops, shop, basic_altar
D:12:     layout_stronghold, serial_ice, serial_ice_h, serial_ice_o,
          serial_ice_b, serial_ice_m, portal_ice_cave_entry_pillars_2
D:14:     layout_stronghold, david_vaults_4, gammafunk_ghost_ooze

Action                   || total
-------------------------++-------
Melee: Unarmed           ||    17
 Abil: Dig               ||    12
       Shaft Self        ||     7
  Use: Scroll            ||     3
Armor: Leather armour    ||     4
Dodge: Dodged            ||    18
